 Dungeon Crawl Stone Soup version 0.28.0-43-g3370ac3207 (webtiles) character file.

Game seed: 6023329969841787796

46 pkoi the Insei (level 3, -3/31 HPs)
             Began as a Draconian Monk on Mar 15, 2022.
             Slain by a scorpion (5 damage)
             ... on level 2 of the Dungeon.
             The game lasted 00:02:10 (1434 turns).

pkoi the Insei (Draconian Monk)                     Turns: 1434, Time: 00:02:10

Health: -3/31      AC:  5    Str: 13    XL:     3   Next: 46%
Magic:  2/3        EV: 12    Int: 12    God:
Gold:   32         SH:  0    Dex: 13    Spells: 1/2 levels left

rFire   . . .      SeeInvis .     - Unarmed
rCold   . . .      Faith    .   (no shield)
rNeg    . . .      Spirit   .   (armour unavailable)
rPois   .          Reflect  .   (helmet restricted)
rElec   .          Harm     .   (no cloak)
rCorr   .          Rampage  .   (no gloves)
Will    .....                   (no boots)
Stlth   ++........              (no amulet)
HPRegen 0.10/turn               (no ring)
MPRegen 0.08/turn               (no ring)

@: lethally poisoned (-3 -> -5)
A: AC +5, unfitting armour, cold-blooded
a: no special abilities


You were on level 2 of the Dungeon.
You visited 1 branch of the dungeon, and saw 2 of its levels.

You collected 32 gold pieces.

Inventory:

Scrolls
 c - a scroll of identify {unknown}
Potions
 a - a potion of degeneration {unknown}
 b - 2 potions of curing {unknown}


   Skills:
 - Level 3.2 Fighting
 + Level 2.6 Dodging
 + Level 1.7 Stealth
 + Level 4.5 Unarmed Combat
 + Level 0.0 Spellcasting
 + Level 0.0 Transmutations


You had one spell level left.
You knew the following spells:

 Your Spells              Type           Power      Damage    Failure   Level
a - Beastly Appendage     Tmut           0%         N/A       32%         1

Your spell library contained the following spells:

 Spells                   Type           Power      Damage    Failure   Level
 Static Discharge         Conj/Air       0%         N/A       45%         2
 Wereblood                Tmut           0%         N/A       45%         2
 Conjure Flame            Conj/Fire      0%         6-21      69%         3
 Ignite Poison            Fire/Tmut/Pois 0%         N/A       69%         3
 Spider Form              Tmut/Pois      0%         N/A       69%         3
 Dispel Undead            Necr           0%         3d6       97%         4
 Sticky Flame             Conj/Fire      0%         2d3       97%         4


Dungeon Overview and Level Annotations

Branches:
Dungeon (2/15)

Altars:


Innate Abilities, Weirdness & Mutations

Your plain brown scales are hard. (AC +5)
You cannot fit into any form of body armour.
You are cold-blooded and may be slowed by cold attacks.


Message History

The scorpion is lightly wounded.
The scorpion misses you.
You hit the scorpion but do no damage. Your headbutt misses the scorpion.
Your tail-slap misses the scorpion.
The scorpion is lightly wounded.
The scorpion completely misses you.
You hit the scorpion but do no damage. Your kick misses the scorpion.
The scorpion is lightly wounded.
The scorpion stings you.
You are poisoned.
The scorpion poisons you!
You hit the scorpion but do no damage. You claw the scorpion.
The scorpion is lightly wounded.
You feel very sick. The scorpion barely misses you.
You hit the scorpion. Your kick misses the scorpion.
The scorpion is heavily wounded.
You feel sick. The scorpion barely misses you.
The scorpion stings you but does no damage.
You hit the scorpion. You claw the scorpion.
The scorpion is heavily wounded.
You feel sick. The scorpion stings you!
* * * LOW HITPOINT WARNING * * *
You closely miss the scorpion.
You headbutt the scorpion, but do no damage.
Your tail-slap misses the scorpion.
The scorpion is heavily wounded.
Your horns disappear.
Your talons disappear.
You feel sick.
The scorpion stings you but does no damage.
You completely miss the scorpion.
You tail-slap the scorpion, but do no damage.
The scorpion is heavily wounded.
The scorpion stings you!
* * * LOW HITPOINT WARNING * * *
You closely miss the scorpion.
The scorpion is heavily wounded.
* * * LOW HITPOINT WARNING * * *
You feel sick. The scorpion stings you.
You die...

#.##.............#
# +........###....
#........# ....
.##.##........#
........##...###.
##.###..# .......
#.....<# .......
#.....###...#..
#......s@...# #
#.....###...#
..###.....# ...#
..........# ...#
..####....# ...#
......# ....
........# .....
#......$... ..?..#
######.#.###


You could see a scorpion.

Vanquished Creatures
  An adder (D:2)
  A dart slug (D:1)
  A worm (D:2)
  2 ball pythons (D:1)
  5 bats
  2 endoplasms
  A giant cockroach (D:1)
  2 goblins
  2 hobgoblins (D:1)
  8 jackals (D:1)
  A quokka (D:1)
  2 frilled lizards
  A rat (D:1)
29 creatures vanquished.

Notes
Turn   | Place    | Note
-------+----------+-------------------------------------------
     0 | D:1      | pkoi the Draconian Monk began the quest for the Orb.
     0 | D:1      | Reached XP level 1. HP: 19/19 MP: 1/1
   297 | D:1      | Reached XP level 2. HP: 24/26 MP: 2/2
   638 | D:1      | Reached skill level 4 in Unarmed Combat
   974 | D:1      | Reached XP level 3. HP: 29/31 MP: 3/3
  1408 | D:1      | Learned a level 1 spell: Beastly Appendage
  1414 | D:2      | Noticed a scorpion
  1434 | D:2      | Slain by a scorpion

Illustrated notes

Levels and vault maps discovered:
D:1:      lightli_arrival_chessboard, layout_loops_ring, minmay_tromino_mix6
D:2:      layout_basic

Skill      XL: |  1  2 |
---------------+-------+-----
Unarmed Combat | 4 |  4.5
Fighting       | |  3.2
Dodging        | |  2.6
Stealth        | |  1.7

Action                   || total
-------------------------++-------
Melee: Unarmed           ||   124
       Tailslap          ||     9
       Punch             ||     1
       Kick              ||     3
       Headbutt          ||     2
 Cast: Beastly Appendage ||     1
 Stab: Sleeping          ||     6
Armor: Skin              ||    44
Dodge: Dodged            ||    88
